3A
HIGHWOOD HAWKS @ ALAMEDA AIRMEN
06/17/2030
 
TOP OF THE 1ST
Highwood Hawks batting - Pitching for Alameda Airmen : RHP Glenn Wimmer
Pitching: RHP Glenn Wimmer
Batting: RHB Paco Ibarra 0-0: Bunted foul
0-1: Ground out 6-3 (Groundball, 6)
Batting: RHB Fernando Franco 0-0: Called Strike
0-1: Ball
1-1: Called Strike
1-2: Strikes out swinging
Batting: RHB Rafael Rivera 0-0: Ball
1-0: Foul Ball, location: 2F
1-1: Swinging Strike
1-2: Ball
2-2: Foul Ball, location: 2F
2-2: Strikes out swinging
Top of the 1st over - 0 runs, 0 hits, 0 errors, 0 left on base; Highwood 0 - Alameda 0
BOTTOM OF THE 1ST
Alameda Airmen batting - Pitching for Highwood Hawks : RHP Wu-shiun Lao
Pitching: RHP Wu-shiun Lao
Batting: RHB Domingo Torres 0-0: Called Strike
0-1: Foul Ball, location: 2F
0-2: Strikes out swinging
Batting: RHB Mick Spargo 0-0: Ball
1-0: SINGLE (Groundball, 34S) (infield hit)
Batting: LHB Ed Berry 0-0: Called Strike
0-1: Ball
1-1: Swinging Strike
1-2: Strikes out swinging
Batting: RHB Cristián Coronado 0-0: Ball
1-0: Ball
2-0: Ball
3-0: Base on Balls
Mick Spargo to second
Batting: LHB Jesús De Jesús 0-0: Swinging Strike
0-1: Ball
1-1: Ball
2-1: Called Strike
2-2: Ball
3-2: Ground out 5-3 (Groundball, 56S)
Bottom of the 1st over - 0 runs, 1 hit, 0 errors, 2 left on base; Highwood 0 - Alameda 0
TOP OF THE 2ND
Highwood Hawks batting - Pitching for Alameda Airmen : RHP Glenn Wimmer
Batting: RHB Jurg Dansen 0-0: Ball
1-0: Foul Ball, location: 2F
1-1: Ball
2-1: Foul Ball, location: 2F
2-2: Fly out, F7 (Flyball, 7D)
Batting: LHB Abel Apolinrio 0-0: Called Strike
0-1: SINGLE (Groundball, 34D)
Batting: RHB Ray Covalt 0-0: Foul Ball, location: 2F
0-1: Ball
1-1: SINGLE (Groundball, 6MD)
Abel Apolinrio to second
Runner from 2nd tries for 3rd, SAFE, throw made to third
Batting: RHB Paul Byrd 0-0: Ball
1-0: Called Strike
1-1: Called Strike
1-2: Ball
2-2: Ball
3-2: Foul Ball, location: 2F
3-2: SINGLE (Flyball, 7S)
Abel Apolinrio scores
Ray Covalt to second
Batting: SHB Greg Buckner 0-0: Ball
1-0: Ball
2-0: Swinging Strike
2-1: SINGLE (Groundball, 3D)
Ray Covalt to third
Paul Byrd to second
Runner from 3rd tries for Home, SAFE, throw made home
Batting: RHB Félix Vaca 0-0: Foul Ball, location: 2F
0-1: Ground out 3-1 (Groundball, 34S)
Paul Byrd to third
Greg Buckner to second
Batting: RHB Paco Ibarra 0-0: Ball
1-0: Ground out 5-3 (Groundball, 56)
Top of the 2nd over - 2 runs, 4 hits, 0 errors, 2 left on base; Highwood 2 - Alameda 0
BOTTOM OF THE 2ND
Alameda Airmen batting - Pitching for Highwood Hawks : RHP Wu-shiun Lao
Batting: RHB Stephen Moyer 0-0: Ball
1-0: Called Strike
1-1: Foul Ball, location: 2F
1-2: Ground out 4-3 (Groundball, 34)
Batting: RHB Gang Jing 0-0: Ball
1-0: Called Strike
1-1: Called Strike
1-2: SINGLE (Groundball, 34D)
Batting: RHB Bob Houghton 0-0: Called Strike
0-1: Called Strike
0-2: Ball
1-2: Fielders Choice at 2nd, 5-4 (Groundball, 56)
Batting: RHB Nicholas Seal 0-0: Ball
1-0: Foul Ball, location: 2F
1-1: Foul Ball, location: 2F
1-2: Hit by Pitch
Bob Houghton to second
Batting: RHB Domingo Torres 0-0: SINGLE (Line Drive, 8LS)
Bob Houghton to third
Nicholas Seal to second
Runner from 3rd tries for Home, SAFE, no throw
Batting: RHB Mick Spargo 0-0: Ball
1-0: Fly out, F4 (Line Drive, 4M)
Bottom of the 2nd over - 1 run, 2 hits, 0 errors, 2 left on base; Highwood 2 - Alameda 1
TOP OF THE 3RD
Highwood Hawks batting - Pitching for Alameda Airmen : RHP Glenn Wimmer
Batting: RHB Fernando Franco 0-0: Ball
1-0: Ball
2-0: Called Strike
2-1: Foul Ball, location: 2F
2-2: Strikes out swinging
Batting: RHB Rafael Rivera 0-0: Ground out 4-3 (Groundball, 4)
Batting: RHB Jurg Dansen 0-0: Swinging Strike
0-1: Ball
1-1: Fly out, F8 (Flyball, 8LXD)
Top of the 3rd over - 0 runs, 0 hits, 0 errors, 0 left on base; Highwood 2 - Alameda 1
BOTTOM OF THE 3RD
Alameda Airmen batting - Pitching for Highwood Hawks : RHP Wu-shiun Lao
Batting: LHB Ed Berry 0-0: Ball
1-0: Ball
2-0: Called Strike
2-1: Ball
3-1: Swinging Strike
3-2: Foul Ball, location: 2F
3-2: Ground out 3-1 (Groundball, 34)
Batting: RHB Cristián Coronado 0-0: Foul Ball, location: 2F
0-1: Swinging Strike
0-2: Ground out 6-3 (Groundball, 6M)
Batting: LHB Jesús De Jesús 0-0: Foul Ball, location: 2F
0-1: Called Strike
0-2: Ground out U3 (Groundball, 34)
Bottom of the 3rd over - 0 runs, 0 hits, 0 errors, 0 left on base; Highwood 2 - Alameda 1
TOP OF THE 4TH
Highwood Hawks batting - Pitching for Alameda Airmen : RHP Glenn Wimmer
Batting: LHB Abel Apolinrio 0-0: Foul Ball, location: 2F
0-1: Swinging Strike
0-2: Ball
1-2: Strikes out looking
Batting: RHB Ray Covalt 0-0: Ball
1-0: Ground out 6-3 (Groundball, 6)
Batting: RHB Paul Byrd 0-0: Ball
1-0: Ball
2-0: DOUBLE (Line Drive, 78D)
Batting: SHB Greg Buckner 0-0: Ball
1-0: Ground out 6-3 (Groundball, 6)
Top of the 4th over - 0 runs, 1 hit, 0 errors, 1 left on base; Highwood 2 - Alameda 1
BOTTOM OF THE 4TH
Alameda Airmen batting - Pitching for Highwood Hawks : RHP Wu-shiun Lao
Batting: RHB Stephen Moyer 0-0: Swinging Strike
0-1: Ball
1-1: Ball
2-1: Ball
3-1: Ground out 5-3 (Groundball, 56)
Batting: RHB Gang Jing 0-0: Called Strike
0-1: Fly out, F8 (Flyball, 8LM)
Batting: RHB Bob Houghton 0-0: DOUBLE (Line Drive, 89D)
Batting: RHB Nicholas Seal 0-0: Called Strike
0-1: Foul Ball, location: 2F
0-2: Ball
1-2: Strikes out looking
Bottom of the 4th over - 0 runs, 1 hit, 0 errors, 1 left on base; Highwood 2 - Alameda 1
TOP OF THE 5TH
Highwood Hawks batting - Pitching for Alameda Airmen : RHP Glenn Wimmer
Batting: RHB Félix Vaca 0-0: Ball
1-0: Called Strike
1-1: Foul Ball, location: 2F
1-2: Strikes out swinging
Batting: RHB Paco Ibarra 0-0: Called Strike
0-1: Ball
1-1: Ball
2-1: Called Strike
2-2: Strikes out swinging, 2-3 out at first.
Batting: RHB Fernando Franco 0-0: Foul Ball, location: 2F
0-1: Ball
1-1: Foul Ball, location: 2F
1-2: Fly out, F8 (Flyball, 8RM)
Top of the 5th over - 0 runs, 0 hits, 0 errors, 0 left on base; Highwood 2 - Alameda 1
BOTTOM OF THE 5TH
Alameda Airmen batting - Pitching for Highwood Hawks : RHP Wu-shiun Lao
Batting: RHB Domingo Torres 0-0: Called Strike
0-1: Called Strike
0-2: Ball
1-2: Foul Ball, location: 2F
1-2: Strikes out swinging, 2-3 out at first.
Batting: RHB Mick Spargo 0-0: Ball
1-0: SINGLE (Groundball, 56) (infield hit)
Batting: LHB Ed Berry 0-0: Called Strike
0-1: Ball
1-1: Called Strike
1-2: Ball
2-2: Ball
3-2: Strikes out swinging
Batting: RHB Cristián Coronado 0-0: Ball
Mick Spargo steals 2nd base
1-0: Foul Ball, location: 2F
1-1: Fly out, F4 (Line Drive, 4)
Bottom of the 5th over - 0 runs, 1 hit, 0 errors, 1 left on base; Highwood 2 - Alameda 1
TOP OF THE 6TH
Highwood Hawks batting - Pitching for Alameda Airmen : RHP Glenn Wimmer
Batting: RHB Rafael Rivera 0-0: Swinging Strike
0-1: Ground out 3-1 (Groundball, 34S)
Batting: RHB Jurg Dansen 0-0: Foul Ball, location: 2F
0-1: Swinging Strike
0-2: Strikes out swinging
Batting: LHB Abel Apolinrio 0-0: Called Strike
0-1: Ground out 4-3 (Groundball, 4MD)
Top of the 6th over - 0 runs, 0 hits, 0 errors, 0 left on base; Highwood 2 - Alameda 1
BOTTOM OF THE 6TH
Alameda Airmen batting - Pitching for Highwood Hawks : RHP Wu-shiun Lao
Batting: LHB Jesús De Jesús 0-0: Ball
1-0: Ball
2-0: Called Strike
2-1: Foul Ball, location: 2F
2-2: Ground out 4-3 (Groundball, 4M)
Batting: RHB Stephen Moyer 0-0: Called Strike
0-1: Swinging Strike
0-2: Ball
1-2: Foul Ball, location: 2F
1-2: Strikes out swinging
Batting: RHB Gang Jing 0-0: Called Strike
0-1: Ball
1-1: Bunted foul
1-2: Strikes out looking
Bottom of the 6th over - 0 runs, 0 hits, 0 errors, 0 left on base; Highwood 2 - Alameda 1
TOP OF THE 7TH
Highwood Hawks batting - Pitching for Alameda Airmen : RHP Glenn Wimmer
Batting: RHB Ray Covalt 0-0: Ball
1-0: Ball
2-0: Ball
3-0: Called Strike
3-1: SINGLE (Groundball, 56D)
Pinch Hitting: LHB Yi-da Yee 0-0: Bunt missed!
0-1: Ball
1-1: Bunted foul
1-2: Ball
2-2: Foul Ball, location: 2F
2-2: Fielders Choice at 2nd, 1-6 (Groundball, 13S)
Batting: SHB Greg Buckner 0-0: Called Strike
0-1: Swinging Strike
0-2: Foul Ball, location: 2F
0-2: Ball
1-2: Strikes out swinging
Pitching: RHP Héctor Navarro
Batting: RHB Félix Vaca 0-0: Called Strike
0-1: Ground out 1-3 (Groundball, 15S)
Top of the 7th over - 0 runs, 1 hit, 0 errors, 1 left on base; Highwood 2 - Alameda 1
BOTTOM OF THE 7TH
Alameda Airmen batting - Pitching for Highwood Hawks : RHP Wu-shiun Lao
Now at 2B: Yi-da Yee
Batting: RHB Bob Houghton 0-0: Called Strike
0-1: Ground out U3 (Groundball, 34)
Batting: RHB Nicholas Seal 0-0: SINGLE (Flyball, 78M)
Pitching: LHP Stan Lowe
Pinch Hitting: RHB Gérard Chesnutt 0-0: Foul Ball, location: 2F
0-1: Swinging Strike
0-2: Ball
1-2: Foul Ball, location: 2F
1-2: Ball
2-2: Foul Ball, location: 2F
2-2: Foul Ball, location: 2F
2-2: Foul Ball, location: 2F
2-2: Strikes out looking
Batting: RHB Mick Spargo 0-0: Fielders Choice at 2nd, 6-4 (Groundball, 6)
Bottom of the 7th over - 0 runs, 1 hit, 0 errors, 1 left on base; Highwood 2 - Alameda 1
TOP OF THE 8TH
Highwood Hawks batting - Pitching for Alameda Airmen : RHP Héctor Navarro
Now at 1B: Gérard Chesnutt
Batting: RHB Paco Ibarra 0-0: Ball
1-0: Ball
2-0: Called Strike
2-1: Foul Ball, location: 2F
2-2: Foul Ball, location: 2F
2-2: Strikes out swinging
Batting: RHB Fernando Franco 0-0: Fly out, F8 (Flyball, 8RS)
Batting: RHB Rafael Rivera 0-0: Called Strike
0-1: Called Strike
0-2: SOLO HOME RUN (Flyball, 8LD), Distance : 431 ft
Batting: RHB Jurg Dansen 0-0: Ball
1-0: Called Strike
1-1: Swinging Strike
1-2: Foul Ball, location: 2F
1-2: Ball
2-2: Foul Ball, location: 2F
2-2: Foul Ball, location: 2F
2-2: Ground out 4-3 (Groundball, 34)
Top of the 8th over - 1 run, 1 hit, 0 errors, 0 left on base; Highwood 3 - Alameda 1
BOTTOM OF THE 8TH
Alameda Airmen batting - Pitching for Highwood Hawks : LHP Stan Lowe
Batting: LHB Ed Berry 0-0: Ball
1-0: Swinging Strike
1-1: Foul Ball, location: 2F
1-2: Foul Ball, location: 2F
1-2: Strikes out swinging, 2-3 out at first.
Batting: RHB Cristián Coronado 0-0: Ball
1-0: Swinging Strike
1-1: Ball
2-1: Ball
3-1: Base on Balls
Batting: LHB Jesús De Jesús 0-0: Called Strike
0-1: Ball
1-1: Foul Ball, location: 2F
1-2: Strikes out swinging
Batting: RHB Stephen Moyer 0-0: Fly out, F5 (Line Drive, 5)
Bottom of the 8th over - 0 runs, 0 hits, 0 errors, 1 left on base; Highwood 3 - Alameda 1
TOP OF THE 9TH
Highwood Hawks batting - Pitching for Alameda Airmen : RHP Héctor Navarro
Batting: LHB Abel Apolinrio 0-0: Swinging Strike
0-1: Ball
1-1: Called Strike
1-2: Strikes out swinging
Batting: RHB Ray Covalt 0-0: Swinging Strike
0-1: Swinging Strike
0-2: Ball
1-2: Strikes out swinging
Batting: LHB Yi-da Yee 0-0: Called Strike
0-1: Swinging Strike
0-2: Ball
1-2: Fly out, F8 (Flyball, 8RS)
Top of the 9th over - 0 runs, 0 hits, 0 errors, 0 left on base; Highwood 3 - Alameda 1
BOTTOM OF THE 9TH
Alameda Airmen batting - Pitching for Highwood Hawks : LHP Stan Lowe
Pitching: LHP Urs Ehles
Batting: RHB Gang Jing 0-0: Foul Ball, location: 2F
0-1: Foul Ball, location: 2F
0-2: Ball
1-2: Ball
2-2: Ball
3-2: Foul Ball, location: 2F
3-2: Foul Ball, location: 2F
3-2: Fly out, F7 (Flyball, 7LSF)
Batting: RHB Bob Houghton 0-0: Called Strike
0-1: Ball
1-1: Called Strike
1-2: Foul Ball, location: 2F
1-2: Strikes out swinging
Batting: RHB Nicholas Seal 0-0: Ball
1-0: Foul Ball, location: 2F
1-1: Ball
2-1: SOLO HOME RUN (Line Drive, 9D), Distance : 368 ft
Batting: RHB Gérard Chesnutt 0-0: Called Strike
0-1: Foul Ball, location: 2F
0-2: Strikes out swinging
Bottom of the 9th over - 1 run, 1 hit, 0 errors, 0 left on base; Highwood 3 - Alameda 2
Sunday, March 18th, 2018 - OOTP Baseball 18.8 Build 76